 Dungeon Crawl Stone Soup version 0.29-a0-284-gf9362112df (webtiles) character file.

Game seed: 13089096395633077325

97 sammy202020 the Skirmisher (level 4, -3/29 HPs)
             Began as a Gargoyle Fighter on Mar 18, 2022.
             Was an Initiate of Trog.
             Killed from afar by Sigmund (8 damage)
             ... with a puff of flame
             ... on level 2 of the Dungeon.
             The game lasted 00:02:55 (1644 turns).

sammy202020 the Skirmisher (Gargoyle Fighter)       Turns: 1644, Time: 00:02:56

Health: -3/29      AC: 13    Str: 19    XL:     4   Next: 68%
Magic:  4/4        EV:  9    Int: 11    God:    Trog [......]
Gold:   32         SH:  0    Dex:  9    Spells: 3/3 levels left

rFire   . . .      SeeInvis .   a - +0 flail
rCold   + . .      Faith    .   c - +0 buckler
rNeg    + . .      Spirit   .   k - +3 scale mail {rC+}
rPois   ∞          Reflect  .   (no helmet)
rElec   +          Harm     .   (no cloak)
rCorr   .          Rampage  .   (no gloves)
Will    .....                   (no boots)
Stlth   ..........              m - amulet of regeneration
HPRegen 0.89/turn               (no ring)
MPRegen 0.09/turn               (no ring)

@: confused, mighty
A: sickness immunity, AC +3, negative energy resistance 1, electricity
resistance, torment resistance 1, petrification resistance
a: Renounce Religion


You were on level 2 of the Dungeon.
You worshipped Trog.
Trog was noncommittal.
You visited 1 branch of the dungeon, and saw 3 of its levels.

You collected 32 gold pieces.

Inventory:

Hand Weapons
 a - a +0 flail (weapon)
Missiles
 f - 11 poisoned darts (quivered)
 n - 5 boomerangs
Armour
 b - a +0 scale mail
 c - a +0 buckler (worn)
 k - a +3 scale mail of cold resistance (worn)
Jewellery
 e - an amulet of guardian spirit
 m - an amulet of regeneration (around neck)
Scrolls
 h - a scroll of magic mapping
 p - a scroll of identify
Potions
 g - 2 potions of flight
 i - a potion of heal wounds
 j - a potion of invisibility {unknown}
 l - a potion of magic {unknown}
 o - a potion of resistance {unknown}


   Skills:
 * Level 4.0 Fighting
 * Level 2.8 Maces & Flails
 * Level 4.0 Armour
 + Level 0.7 Dodging
 * Level 3.9 Shields


You had 3 spell levels left.
You didn't know any spells.
Your spell library contained the following spells:

 Spells                   Type           Power      Damage    Failure   Level
 Apportation              Tloc           0%         N/A       80%         1
 Alistair's Intoxication  Tmut/Pois      0%         N/A       100%        5


Dungeon Overview and Level Annotations

Branches:
Dungeon (3/15)

Altars:
Trog
Yredelemnul

Annotations:
D:2 Sigmund


Innate Abilities, Weirdness & Mutations

You are immune to sickness and miasma.
Your stone body is resilient. (AC +3)
You are immune to poison.
You resist negative energy. (rN+)
You are resistant to electric shocks. (rElec)
You are resistant to unholy torment.
You are immune to petrification.


Message History

You hit something but do no damage.
You hear some strange, mumbled words.
You are more confused.
Something hits you but does no damage.
You barely miss something. You closely miss something. Something hits you.
You barely miss something. Something hits you but does no damage.
You completely miss something. Something hits you but does no damage.
You bump into the rock wall.
You hear some strange, mumbled words.
You are more confused.
You miss something.
You hear some strange, mumbled words.
A magic dart appears from out of thin air!
The magic dart hits you!
You miss something. Something hits you.
You closely miss something. Something hits you!
You barely miss something. Something hits you but does no damage.
You closely miss something.
You hear some strange, mumbled words.
You are more confused.
You bump into the rock wall.
Something hits you.
You bump into the rock wall.
You feel very mighty all of a sudden. Something hits you.
You completely miss something.
You hear some strange, mumbled words.
You are more confused.
You bump into the rock wall.
Something hits you.
You miss something. Something hits you but does no damage.
You bump into the rock wall.
Something hits you but does no damage.
You sock something!
You bump into the rock wall.
Something completely misses you.
You bump into the rock wall.
Something hits you!
* * * LOW HITPOINT WARNING * * *
You barely miss something.
You hear some strange, mumbled words.
A puff of flame appears from out of thin air!
The puff of flame hits you!
You die...

***#.#.#
#.#.#.###.#.#######.#.
,,,..#.#
#.#.#.....#.........#.
***###.#
#.#.#################.
######.# #.#<# #.
...)...# #.#** #.
######## #.# #. *,* #.
#.###################.
#...{@................
#.####################
***


There were no monsters in sight!

Vanquished Creatures
  A hound (D:2)
  3 adders (D:2)
  A worm (D:2)
  A dart slug (D:2)
  7 endoplasms
  A giant cockroach (D:1)
  2 goblins (D:1)
  4 hobgoblins (D:1)
  5 kobolds
  2 quokkas (D:1)
  2 ball pythons (D:1)
  3 bats
  2 frilled lizards (D:1)
  A rat (D:2)
35 creatures vanquished.

Notes
Turn   | Place    | Note
-------+----------+-------------------------------------------
     0 | D:1      | sammy202020 the Gargoyle Fighter began the quest for the
                  | Orb.
     0 | D:1      | Reached XP level 1. HP: 14/14 MP: 1/1
   331 | D:1      | Reached XP level 2. HP: 18/19 MP: 2/2
  1019 | D:1      | Reached XP level 3. HP: 23/23 MP: 3/3
  1177 | D:2      | Found a basalt altar of Yredelemnul.
  1311 | D:2      | Found a bloodstained altar of Trog.
  1342 | D:2      | Became a worshipper of Trog the Wrathful
  1361 | D:2      | Reached XP level 4. HP: 29/29 MP: 4/4
  1608 | D:2      | Noticed Sigmund
  1644 | D:2      | Killed from afar by Sigmund

Illustrated notes

Levels and vault maps discovered:
D:1:      amcnicky_arrival_choice, layout_basic, dreamdust_princess_corridor,
          minmay_misc_feat_tiny
D:2:      layout_basic, basic_altar, kennysheep_another_room,
          minmay_hexomino_r4, uniq_sigmund
D:3:      layout_rooms, lightli_sewer_entry_pipes

Skill      XL: |  1  2  3  4 |
---------------+-------------+-----
Fighting       | 4 |  4.0
Armour         | 4 |  4.0
Maces & Flails | |  2.8
Dodging        | |  0.7
Shields        | |  3.9

Action                   |  1- 3 |  4- 6 || total
-------------------------+-------+-------++-------
Melee: Flail             |    93 |    28 ||   121
  Use: Scroll            |     5 |       ||     5
       Potion            |       |     1 ||     1
Armor: Scale mail        |    56 |    12 ||    68
Dodge: Dodged            |    49 |     5 ||    54
Block: Buckler           |    22 |     2 ||    24

Table legend: (Time is in decaauts)
 A = Elapsed time spent in this place.
 B = Non-inter-level travel time spent in this place.
 C = Inter-level travel time spent in this place.
 D = Time resting spent in this place.
 E = Time spent auto-exploring this place.
 F = Levels seen in this place.
 G = Mean time per level.
                   A        B        C        D        E       F      G
               +--------+--------+--------+--------+--------+-----+--------+
         Total |   1681 |   1676 |      5 |      0 |   1248 |   3 |  560.3 |
       Dungeon |   1681 |   1676 |      5 |      0 |   1248 |   3 |  560.3 |
               +--------+--------+--------+--------+--------+-----+--------+

Top non-repeatable levels by time:
     D:1: 1182 daAuts
     D:2: 497 daAuts
     D:3: 1 daAuts
